Flames vs Predators

Created - April 14, 2025 at 19:59

Goals
1 2 3 T
Flames 1 1 3 5
Predators 2 1 1 4
Shots
1 2 3 T
Flames 14 6 12 32
Predators 16 10 8 34

1st period

1. Predators , Reilly Smith 16 (Andy Miele 21, Justin Faulk 37) at 4:55
2. Flames , Eric Staal 37 (Sami Vatanen 44, Erik Johnson 32) at 5:07
3. Predators , Mikael Granlund 36 (Jack Eichel 48, Justin Faulk 38) at 16:55

Penalties :
No Penalty

2nd period

4. Flames , Eric Staal 38 (Bryan Rust 24, Esa Lindell 34) at 7:45
5. Predators , Jack Eichel 32 (Justin Faulk 39, Mikael Granlund 46) at 13:40 (PP)

Penalties :
Justin Faulk (Nas) for Roughing (Minor) at 1:06, Reilly Smith (Nas) for Hooking (Minor) at 4:09, Bryan Rust (Cal) for High sticking (Minor) at 13:25, Jimmy Hayes (Cal) for Tripping (Minor) at 14:42

3rd period

6. Flames , Esa Lindell 5 (Bryan Rust 25, Patrik Berglund 28) at 4:00
7. Flames , Patrik Berglund 15 (Sami Vatanen 45, Erik Johnson 33) at 8:09 (SH)
8. Flames , Sami Vatanen 13 (Eric Staal 51) at 12:33 (PP)
9. Predators , Jack Eichel 33 (Alexander Ovechkin 35, Mikael Granlund 47) at 12:41

Penalties :
Esa Lindell (Cal) for Tripping (Minor) at 0:29, Eric Staal (Cal) for Delaying the game (Minor) at 8:03, Claude Giroux (Nas) for Tripping (Minor) at 12:31, David Ullstrom (Cal) for Hooking (Minor) at 13:41

Goalie Stats

Christopher Gibson (Cal), 30 saves from 34 shots - (0.882), W, 32-20-3, 60:00 minutes
Andrei Vasilevskiy (Nas), 27 saves from 32 shots - (0.844), L, 26-16-6, 59:19 minutes

Players Stats for Flames

Player Name              G  A  P  +/- PIM S  H  SB GA TA FO     MP     PP MP  PK MP  
------------------------------------------------------------------------------------
Anders Lee               0  0  0   0  0   0  0  0  0  0  3/5    10:46   0:02   1:56 
Brad Marchand            0  0  0   1  0   2  3  2  0  0  0/0    19:33   1:51   2:07 
Bryan Rust               0  2  2   2  2   1  0  0  1  0  1/4    22:58   2:07   4:03 
Christian Folin          0  0  0   0  0   1  0  3  0  3  0/0    19:02   0:00   2:50 
Colby Robak              0  0  0   0  0   0  1  0  0  0  0/0    11:09   0:00   0:37 
David Ullstrom           0  0  0   1  2   1  0  0  0  1  0/0     9:21   0:00   1:48 
Eric Staal               2  1  3   1  2   8  2  0  2  0  10/24  20:10   2:07   1:38 
Erik Johnson             0  2  2   1  0   2  2  1  0  0  0/0    28:17   1:58   5:21 
Esa Lindell              1  1  2   1  2   4  2  0  0  0  0/0    21:12   2:02   2:13 
Evgeny Svechnikov        0  0  0   0  0   0  1  0  0  0  1/1     8:03   0:02   0:00 
Jake DeBrusk             0  0  0  -1  0   0  2  2  0  0  0/1    13:00   2:07   0:13 
Jimmy Hayes              0  0  0  -1  2   2  4  0  1  0  1/1    13:44   1:51   0:00 
Kevin Labanc             0  0  0  -1  0   2  2  1  2  0  0/1    11:39   0:02   0:00 
Patrik Berglund          1  1  2   1  0   6  1  1  0  0  13/20  19:13   1:51   4:27 
Rasmus Andersson         0  0  0   0  0   0  0  0  0  1  0/0    12:41   2:02   0:00 
Sami Vatanen             1  2  3   1  0   1  3  0  2  0  0/0    28:17   1:58   5:21 
Tanner Pearson           0  0  0  -1  0   0  0  0  0  0  0/0    11:49   0:00   0:00 
Victor Rask              0  0  0  -1  0   2  0  0  2  0  4/8    10:50   0:00   0:10 

Players Stats for Predators

Player Name              G  A  P  +/- PIM S  H  SB GA TA FO     MP     PP MP  PK MP  
------------------------------------------------------------------------------------
Alexander Ovechkin       0  1  1   1  0   1  0  1  0  0  4/4    21:16   3:55   1:10 
Andy Miele               0  1  1   1  0   2  1  0  0  2  1/4    12:02   0:21   0:52 
Claude Giroux            0  0  0  -2  2   1  1  0  0  0  0/0    19:40   4:02   0:43 
Jack Eichel              2  1  3   1  0   5  2  1  0  1  10/25  20:07   3:56   0:00 
Jaden Schwartz           0  0  0  -2  0   5  0  0  0  1  1/3    19:58   4:02   2:05 
Joel Armia               0  0  0  -1  0   1  1  1  0  0  0/0     6:58   0:00   0:00 
John Moore               0  0  0  -2  0   0  1  2  0  2  0/0    20:11   3:19   2:14 
Justin Faulk             0  3  3   1  2   1  2  0  1  2  0/0    27:18   4:52   1:09 
Marc Staal               0  0  0   0  0   1  1  1  2  0  0/0    14:05   0:00   2:05 
Mark Pysyk               0  0  0  -1  0   1  0  0  0  0  0/0     9:05   0:00   2:07 
Markus Granlund          0  0  0  -1  0   2  1  1  0  0  4/7     6:58   0:00   0:00 
Mikael Granlund          1  2  3   1  0   5  4  1  1  0  1/3    20:07   3:56   0:00 
Morgan Rielly            0  0  0   0  0   4  1  1  0  1  0/0    13:29   0:00   0:37 
Nicolas Kerdiles         0  0  0   1  0   0  1  0  0  0  1/2    10:47   0:00   1:03 
Reilly Smith             1  0  1   1  2   1  0  2  1  0  0/0    11:29   0:41   0:00 
Ryan Mcdonagh            0  0  0   1  0   0  1  1  0  1  0/0    27:06   4:52   1:55 
Scott Laughton           0  0  0  -2  0   4  1  0  0  0  10/17  17:24   3:40   0:00 
Travis Dermott           0  0  0  -2  0   0  0  0  0  0  0/0    17:57   3:19   0:00 

3 Stars

1 - Jack Eichel (Nas)
2 - Sami Vatanen (Cal)
3 - Mikael Granlund (Nas)

Power Play

Flames - 1 on 3 Attempt(s) - 33.33%
Predators - 1 on 5 Attempt(s) - 20.00%

Penalty Kill

Flames - 4 on 5 Attempt(s) - 80.00% - Score 1 goal in Penalty Kill
Predators - 2 on 3 Attempt(s) - 66.67% - Score 0 goal in Penalty Kill

Team Stat

Flames - Hits : 23 - Faceoff Wins : 33 - Blocked Shots : 10 - Penalty Minutes : 10
Predators - Hits : 18 - Faceoff Wins : 32 - Blocked Shots : 12 - Penalty Minutes : 6

Official

Referees : Pierre Lambert and Dean Morton
Linesman : Ryan Galloway and Steve Barton

Game Notes

12:41 of 3rd period - Predators goal is going for a video replay. After video review, Goal.

Finance

Level 1 -- Attendance: 6000 (100.00%) -- Ticket Income $600,000
Level 2 -- Attendance: 5000 (100.00%) -- Ticket Income $350,000
Level 3 -- Attendance: 2000 (100.00%) -- Ticket Income $80,000
Level 4 -- Attendance: 3882 (97.05%) -- Ticket Income $116,460
Luxury Box -- Attendance: 1000 (100.00%) -- Ticket Income $200,000
Game was played at the Bridgestone arena.
Total Attendance: 17882 (99.34%)
Total Ticket Income: $1,346,460
Other Income: $201,969
Total Income: $1,548,429

Flames

5 vs 5 Forward 
   Center                   Left Wing                Right Wing               Time % Phy DF OF 
 1 Eric Staal               Brad Marchand            Bryan Rust               40     1   2  2  
 2 Patrik Berglund          Tanner Pearson           Jimmy Hayes              30     1   2  2  
 3 Victor Rask              Jake DeBrusk             Kevin Labanc             20     1   2  2  
 4 Anders Lee               David Ullstrom           Evgeny Svechnikov        10     1   2  2  

5 vs 5 Defense 
   Defense                  Defense                                           Time % Phy DF OF 
 1 Sami Vatanen             Erik Johnson                                      40     1   2  2  
 2 Esa Lindell              Christian Folin                                   30     1   2  2  
 3 Colby Robak              Rasmus Andersson                                  20     1   2  2  
 4 Sami Vatanen             Erik Johnson                                      10     1   2  2  

PowerPlay Forward 
   Center                   Left Wing                Right Wing               Time % Phy DF OF 
 1 Eric Staal               Jake DeBrusk             Bryan Rust               60     1   1  3  
 2 Patrik Berglund          Brad Marchand            Jimmy Hayes              40     1   1  3  

PowerPlay Defense
   Defense                  Defense                                           Time % Phy DF OF 
 1 Sami Vatanen             Erik Johnson                                      60     1   1  3  
 2 Esa Lindell              Rasmus Andersson                                  40     1   1  3  

Penalty Kill 4 Players Forward 
   Center                   Wing                     Time % Phy DF OF 
 1 Patrik Berglund          Bryan Rust               60     1   3  1  
 2 Eric Staal               David Ullstrom           40     1   3  1  

Penalty Kill 4 Players Defense
   Defense                  Defense                  Time % Phy DF OF 
 1 Sami Vatanen             Erik Johnson             60     1   3  1  
 2 Esa Lindell              Christian Folin          40     1   3  1  

Penalty Kill - 3 Players Forward 
   Forward                                           Time % Phy DF OF 
 1 Patrik Berglund                                   60     1   2  2  
 2 Eric Staal                                        40     1   2  2  

Penalty Kill - 3 Players Defense
   Defense                  Defense                  Time % Phy DF OF 
 1 Sami Vatanen             Erik Johnson             60     1   2  2  
 2 Esa Lindell              Christian Folin          40     1   2  2  

4 vs 4 Forward 
   Center                   Wing                     Time % Phy DF OF 
 1 Eric Staal               Jake DeBrusk             60     1   2  2  
 2 Patrik Berglund          Bryan Rust               40     1   2  2  

4 vs 4 Defense
   Defense                  Defense                  Time % Phy DF OF 
 1 Sami Vatanen             Erik Johnson             60     1   2  2  
 2 Esa Lindell              Christian Folin          40     1   2  2  

Last Minutes Offensive
   Center                   Left Wing                Right Wing               Defense                  Defense                  
   Eric Staal               Brad Marchand            Bryan Rust               Sami Vatanen             Erik Johnson             

Last Minutes Defensive
   Center                   Left Wing                Right Wing               Defense                  Defense                  
   Eric Staal               Brad Marchand            Bryan Rust               Sami Vatanen             Erik Johnson             

Goaltenders
Starting : Christopher Gibson       
Backup : Michael Hutchinson       

Extra Forwards
Normal : Evgeny Svechnikov, Kevin Labanc, David Ullstrom - PP : Evgeny Svechnikov, Kevin Labanc - PK : Bryan Rust
Extra Defensemen
Normal : Erik Johnson, Rasmus Andersson, Esa Lindell - PP : Colby Robak - PK : Erik Johnson, Colby Robak
Penalty Shots
Eric Staal, Patrik Berglund, Bryan Rust, Jimmy Hayes, Jake DeBrusk
Custom OT Lines Forwards
Eric Staal, Patrik Berglund, Bryan Rust, Jimmy Hayes, Brad Marchand, Kevin Labanc, Tanner Pearson, Evgeny Svechnikov, David Ullstrom, Victor Rask
Custom OT Lines Defensemen
Sami Vatanen, Erik Johnson, Esa Lindell, Christian Folin, Colby Robak

Scratches
Kyle Palmieri (Healthy), Matthew Nieto (Healthy)

Predators

5 vs 5 Forward 
   Center                   Left Wing                Right Wing               Time % Phy DF OF 
 1 Jack Eichel              Alexander Ovechkin       Mikael Granlund          40     1   2  2  
 2 Scott Laughton           Jaden Schwartz           Claude Giroux            30     1   2  2  
 3 Andy Miele               Nicolas Kerdiles         Reilly Smith             20     1   2  2  
 4 Markus Granlund          Mark Pysyk               Joel Armia               10     1   2  2  

5 vs 5 Defense 
   Defense                  Defense                                           Time % Phy DF OF 
 1 Ryan Mcdonagh            Justin Faulk                                      40     1   1  3  
 2 John Moore               Travis Dermott                                    30     1   2  2  
 3 Marc Staal               Morgan Rielly                                     20     1   2  2  
 4 Ryan Mcdonagh            Justin Faulk                                      10     1   2  2  

PowerPlay Forward 
   Center                   Left Wing                Right Wing               Time % Phy DF OF 
 1 Jack Eichel              Alexander Ovechkin       Mikael Granlund          55     1   1  3  
 2 Scott Laughton           Jaden Schwartz           Claude Giroux            45     1   1  3  

PowerPlay Defense
   Defense                  Defense                                           Time % Phy DF OF 
 1 Ryan Mcdonagh            Justin Faulk                                      60     1   1  3  
 2 John Moore               Travis Dermott                                    40     1   1  3  

Penalty Kill 4 Players Forward 
   Center                   Wing                     Time % Phy DF OF 
 1 Jaden Schwartz           Mark Pysyk               60     1   2  2  
 2 Andy Miele               Claude Giroux            40     1   2  2  

Penalty Kill 4 Players Defense
   Defense                  Defense                  Time % Phy DF OF 
 1 Ryan Mcdonagh            Justin Faulk             60     1   3  1  
 2 John Moore               Marc Staal               40     1   3  1  

Penalty Kill - 3 Players Forward 
   Forward                                           Time % Phy DF OF 
 1 Mark Pysyk                                        60     1   3  1  
 2 Claude Giroux                                     40     1   3  1  

Penalty Kill - 3 Players Defense
   Defense                  Defense                  Time % Phy DF OF 
 1 Ryan Mcdonagh            Justin Faulk             60     1   3  1  
 2 John Moore               Marc Staal               40     1   3  1  

4 vs 4 Forward 
   Center                   Wing                     Time % Phy DF OF 
 1 Mikael Granlund          Alexander Ovechkin       60     1   2  2  
 2 Jack Eichel              Claude Giroux            40     1   2  2  

4 vs 4 Defense
   Defense                  Defense                  Time % Phy DF OF 
 1 Ryan Mcdonagh            Justin Faulk             60     1   2  2  
 2 John Moore               Travis Dermott           40     1   2  2  

Last Minutes Offensive
   Center                   Left Wing                Right Wing               Defense                  Defense                  
   Jack Eichel              Alexander Ovechkin       Mikael Granlund          Ryan Mcdonagh            Justin Faulk             

Last Minutes Defensive
   Center                   Left Wing                Right Wing               Defense                  Defense                  
   Andy Miele               Claude Giroux            Mark Pysyk               John Moore               Ryan Mcdonagh            

Goaltenders
Starting : Andrei Vasilevskiy       
Backup : Kari Lehtonen            

Extra Forwards
Normal : Claude Giroux, Jaden Schwartz, Reilly Smith - PP : Reilly Smith, Andy Miele - PK : Nicolas Kerdiles
Extra Defensemen
Normal : Marc Staal, John Moore, Morgan Rielly - PP : Morgan Rielly - PK : Marc Staal, Justin Faulk
Penalty Shots
Mikael Granlund, Alexander Ovechkin, Jack Eichel, Claude Giroux, Ryan Mcdonagh
Custom OT Lines Forwards
Mikael Granlund, Jack Eichel, Claude Giroux, Alexander Ovechkin, Jaden Schwartz, Scott Laughton, Reilly Smith, Andy Miele, Mark Pysyk, Markus Granlund
Custom OT Lines Defensemen
Ryan Mcdonagh, Justin Faulk, John Moore, Travis Dermott, Marc Staal

Scratches
Andreas Englund (Healthy)

% Time on Ice - Flames

Lines # - Real PCT - Wanted PCT - Time Play
Normal Forward
1 - 36% - 40% - 16:46
2 - 27% - 30% - 12:26
3 - 23% - 20% - 10:33
4 - 15% - 10% - 6:57
Normal Defense
1 - 38% - 40% - 17:53
2 - 35% - 30% - 16:19
3 - 23% - 20% - 10:32
4 - 4% - 10% - 1:58
PP Forward
1 - 54% - 60% - 2:09
2 - 46% - 40% - 1:51
PP Defense
1 - 49% - 60% - 1:58
2 - 51% - 40% - 2:02
PK Forward
1 - 71% - 60% - 5:51
2 - 29% - 40% - 2:20
PK Defense
1 - 65% - 60% - 5:21
2 - 35% - 40% - 2:50
PK3 Forward
1 - 0% - 60%
2 - 0% - 40%
PK3 Defense
1 - 0% - 60%
2 - 0% - 40%
44 Forward
1 - 0% - 60%
2 - 0% - 40%
44 Defense
1 - 0% - 60%
2 - 0% - 40%
Last Minute Offensive  - 0:00
Last Minute Defensive  - 1:07
Total
Forward - 60:00
Defense - 60:00

% Time on Ice - Predators

Lines # - Real PCT - Wanted PCT - Time Play
Normal Forward
1 - 32% - 40% - 15:07
2 - 32% - 30% - 14:56
3 - 21% - 20% - 9:44
4 - 15% - 10% - 6:58
Normal Defense
1 - 39% - 40% - 18:04
2 - 31% - 30% - 14:38
3 - 25% - 20% - 11:53
4 - 5% - 10% - 2:10
PP Forward
1 - 51% - 55% - 4:09
2 - 49% - 45% - 4:02
PP Defense
1 - 59% - 60% - 4:52
2 - 41% - 40% - 3:19
PK Forward
1 - 82% - 60% - 3:17
2 - 18% - 40% - 0:43
PK Defense
1 - 63% - 60% - 2:32
2 - 37% - 40% - 1:28
PK3 Forward
1 - 0% - 60%
2 - 0% - 40%
PK3 Defense
1 - 0% - 60%
2 - 0% - 40%
44 Forward
1 - 0% - 60%
2 - 0% - 40%
44 Defense
1 - 0% - 60%
2 - 0% - 40%
Last Minute Offensive  - 1:04
Last Minute Defensive  - 0:00
Total
Forward - 60:00
Defense - 60:00

Play-by-Play

1st period


0:01 of 1st period - Jack Eichel wins face-off versus Eric Staal in neutral zone.
0:17 of 1st period - Off-side.
0:18 of 1st period - Patrik Berglund wins face-off versus Scott Laughton in neutral zone.
0:47 of 1st period - Icing by John Moore.
0:48 of 1st period - Anders Lee wins face-off versus Scott Laughton in Predators zone.
1:00 of 1st period - Icing by Rasmus Andersson.
1:01 of 1st period - Anders Lee wins face-off versus Andy Miele in Flames zone.
1:16 of 1st period - Slapshot by Reilly Smith.
1:16 of 1st period - Deflect By Andy Miele.
1:16 of 1st period - Shot Misses the Net.
1:16 of 1st period - Puck is out of play.
1:17 of 1st period - Eric Staal wins face-off versus Jack Eichel in Flames zone.
1:17 of 1st period - Eric Staal is hit by Mikael Granlund.
1:23 of 1st period - Ryan Mcdonagh is hit by Brad Marchand and loses puck.
1:49 of 1st period - Snap shot by Patrik Berglund.
1:49 of 1st period - Stopped by Andrei Vasilevskiy without a rebound.
1:50 of 1st period - Markus Granlund wins face-off versus Patrik Berglund in Predators zone.
2:07 of 1st period - Wrist shot by Patrik Berglund.
2:07 of 1st period - Deflect By Jimmy Hayes.
2:07 of 1st period - Shot Blocked by Marc Staal.
2:07 of 1st period - Puck is out of play.
2:08 of 1st period - Victor Rask wins face-off versus Andy Miele in Predators zone.
2:37 of 1st period - Icing by Eric Staal.
2:38 of 1st period - Eric Staal wins face-off versus Jack Eichel in Flames zone.
2:50 of 1st period - Wrist shot by Brad Marchand.
2:50 of 1st period - Stopped by Andrei Vasilevskiy with a rebound.
3:07 of 1st period - Off-side.
3:08 of 1st period - Scott Laughton wins face-off versus Victor Rask in neutral zone.
3:23 of 1st period - Snap shot by Scott Laughton.
3:23 of 1st period - Stopped by Christopher Gibson without a rebound.
3:24 of 1st period - Jimmy Hayes wins face-off versus Jack Eichel in Flames zone.
3:38 of 1st period - Icing by John Moore.
3:39 of 1st period - Eric Staal wins face-off versus Jack Eichel in Predators zone.
4:17 of 1st period - Snap shot by Mikael Granlund.
4:17 of 1st period - Shot Hit the Post.
4:39 of 1st period - Backhand shot by Mikael Granlund.
4:39 of 1st period - Stopped by Christopher Gibson without a rebound.
4:40 of 1st period - Andy Miele wins face-off versus Eric Staal in Flames zone.
4:55 of 1st period - Slapshot by Reilly Smith.
4:55 of 1st period - Goal by Reilly Smith - Flames : 0 - Predators : 1.
4:56 of 1st period - Scott Laughton wins face-off versus Eric Staal in neutral zone.
5:07 of 1st period - Slapshot by Eric Staal.
5:07 of 1st period - Deflect By Justin Faulk.
5:07 of 1st period - Goal by Eric Staal - Flames : 1 - Predators : 1.
5:08 of 1st period - Patrik Berglund wins face-off versus Markus Granlund in neutral zone.
5:13 of 1st period - Slapshot by Erik Johnson.
5:13 of 1st period - Stopped by Andrei Vasilevskiy without a rebound.
5:14 of 1st period - Patrik Berglund wins face-off versus Markus Granlund in Predators zone.
5:21 of 1st period - Snap shot by Patrik Berglund.
5:21 of 1st period - Stopped by Andrei Vasilevskiy without a rebound.
5:22 of 1st period - Scott Laughton wins face-off versus Kevin Labanc in Predators zone.
6:16 of 1st period - Justin Faulk is hit by Jimmy Hayes and loses puck.
7:19 of 1st period - Slapshot by Bryan Rust.
7:19 of 1st period - Shot Misses the Net.
7:45 of 1st period - Wrist shot by Jimmy Hayes.
7:45 of 1st period - Deflect By Travis Dermott.
7:45 of 1st period - Shot Blocked by John Moore.
7:45 of 1st period - Puck is out of play.
7:46 of 1st period - Scott Laughton wins face-off versus Eric Staal in Predators zone.
8:13 of 1st period - Morgan Rielly is hit by Erik Johnson and loses puck.
8:22 of 1st period - Snap shot by Patrik Berglund.
8:22 of 1st period - Stopped by Andrei Vasilevskiy with a rebound.
8:24 of 1st period - Snap shot by Patrik Berglund.
8:24 of 1st period - Stopped by Andrei Vasilevskiy without a rebound.
8:25 of 1st period - Nicolas Kerdiles wins face-off versus Victor Rask in Predators zone.
8:40 of 1st period - Wrist shot by Reilly Smith.
8:40 of 1st period - Shot Blocked by Kevin Labanc.
9:18 of 1st period - Snap shot by Scott Laughton.
9:18 of 1st period - Stopped by Christopher Gibson without a rebound.
9:19 of 1st period - Scott Laughton wins face-off versus Bryan Rust in Flames zone.
9:20 of 1st period - Wrist shot by Jaden Schwartz.
9:20 of 1st period - Stopped by Christopher Gibson with a rebound.
9:22 of 1st period - Snap shot by Scott Laughton.
9:22 of 1st period - Stopped by Christopher Gibson with a rebound.
9:24 of 1st period - Wrist shot by Morgan Rielly.
9:24 of 1st period - Stopped by Christopher Gibson with a rebound.
9:26 of 1st period - Snap shot by Morgan Rielly.
9:26 of 1st period - Deflect By Esa Lindell.
9:26 of 1st period - Stopped by Christopher Gibson with a rebound.
9:28 of 1st period - Slapshot by Morgan Rielly.
9:28 of 1st period - Stopped by Christopher Gibson with a rebound.
9:30 of 1st period - Slapshot by Morgan Rielly.
9:30 of 1st period - Stopped by Christopher Gibson without a rebound.
9:31 of 1st period - Jack Eichel wins face-off versus Eric Staal in Flames zone.
9:40 of 1st period - Justin Faulk is hit by Eric Staal and loses puck.
9:57 of 1st period - Wrist shot by Kevin Labanc.
9:57 of 1st period - Shot Blocked by Jack Eichel.
9:59 of 1st period - Slapshot by Esa Lindell.
9:59 of 1st period - Deflect By Jake DeBrusk.
9:59 of 1st period - Shot Misses the Net.
9:59 of 1st period - Puck is out of play.
10:00 of 1st period - Victor Rask wins face-off versus Scott Laughton in Predators zone.
10:14 of 1st period - Snap shot by Kevin Labanc.
10:14 of 1st period - Stopped by Andrei Vasilevskiy with a rebound.
11:14 of 1st period - Snap shot by Jack Eichel.
11:14 of 1st period - Shot Blocked by Christian Folin.
11:16 of 1st period - Wrist shot by Jack Eichel.
11:16 of 1st period - Shot Blocked by Brad Marchand.
11:59 of 1st period - Snap shot by Nicolas Kerdiles.
11:59 of 1st period - Shot Blocked by Patrik Berglund.
13:01 of 1st period - Wrist shot by Scott Laughton.
13:01 of 1st period - Stopped by Christopher Gibson with a rebound.
13:07 of 1st period - Claude Giroux is hit by Jimmy Hayes and loses puck.
13:30 of 1st period - Wrist shot by Andy Miele.
13:30 of 1st period - Shot Misses the Net.
13:32 of 1st period - Snap shot by Andy Miele.
13:32 of 1st period - Stopped by Christopher Gibson without a rebound.
13:33 of 1st period - Anders Lee wins face-off versus Jack Eichel in Flames zone.
13:59 of 1st period - Justin Faulk is hit by Patrik Berglund and loses puck.
14:29 of 1st period - Wrist shot by Victor Rask.
14:29 of 1st period - Stopped by Andrei Vasilevskiy without a rebound.
14:30 of 1st period - Eric Staal wins face-off versus Mikael Granlund in Predators zone.
14:35 of 1st period - Wrist shot by Brad Marchand.
14:35 of 1st period - Shot Misses the Net.
14:57 of 1st period - Jaden Schwartz is hit by Jimmy Hayes and loses puck.
15:26 of 1st period - Wrist shot by Andy Miele.
15:26 of 1st period - Stopped by Christopher Gibson with a rebound.
16:00 of 1st period - Slapshot by Sami Vatanen.
16:00 of 1st period - Shot Blocked by Alexander Ovechkin.
16:02 of 1st period - Snap shot by Eric Staal.
16:02 of 1st period - Stopped by Andrei Vasilevskiy with a rebound.
16:04 of 1st period - Snap shot by Eric Staal.
16:04 of 1st period - Stopped by Andrei Vasilevskiy with a rebound.
16:24 of 1st period - Alexander Ovechkin is hit by Jimmy Hayes and loses puck.
16:41 of 1st period - Wrist shot by Mikael Granlund.
16:41 of 1st period - Stopped by Christopher Gibson with a rebound.
16:49 of 1st period - Snap shot by Mikael Granlund.
16:49 of 1st period - Shot Blocked by Jake DeBrusk.
16:51 of 1st period - Slapshot by Justin Faulk.
16:51 of 1st period - Shot Misses the Net.
16:53 of 1st period - Snap shot by Jack Eichel.
16:53 of 1st period - Shot Blocked by Jake DeBrusk.
16:55 of 1st period - Slapshot by Mikael Granlund.
16:55 of 1st period - Goal by Mikael Granlund - Flames : 1 - Predators : 2.
16:56 of 1st period - Eric Staal wins face-off versus Scott Laughton in neutral zone.
17:38 of 1st period - Wrist shot by Jimmy Hayes.
17:38 of 1st period - Shot Blocked by John Moore.
17:40 of 1st period - Snap shot by Patrik Berglund.
17:40 of 1st period - Stopped by Andrei Vasilevskiy with a rebound.
18:20 of 1st period - Off-side.
18:21 of 1st period - Evgeny Svechnikov wins face-off versus Jack Eichel in neutral zone.
18:24 of 1st period - Slapshot by Esa Lindell.
18:24 of 1st period - Stopped by Andrei Vasilevskiy with a rebound.
18:26 of 1st period - Slapshot by Christian Folin.
18:26 of 1st period - Stopped by Andrei Vasilevskiy without a rebound.
18:27 of 1st period - Jack Eichel wins face-off versus Bryan Rust in Predators zone.
18:33 of 1st period - Justin Faulk is hit by Sami Vatanen and loses puck.
18:42 of 1st period - Wrist shot by Jack Eichel.
18:42 of 1st period - Stopped by Christopher Gibson without a rebound.
18:43 of 1st period - Scott Laughton wins face-off versus Patrik Berglund in Flames zone.
19:29 of 1st period - Wrist shot by Claude Giroux.
19:29 of 1st period - Shot Misses the Net.
Goals for this period are 1 for Flames vs 2 for Predators.
Shots for this period are 14 for Flames vs 16 for Predators.

2nd period


0:01 of 2nd period - Bryan Rust wins face-off versus Mikael Granlund in neutral zone.
0:07 of 2nd period - Wrist shot by Eric Staal.
0:07 of 2nd period - Stopped by Andrei Vasilevskiy with a rebound.
0:09 of 2nd period - Slapshot by Sami Vatanen.
0:09 of 2nd period - Shot Blocked by Ryan Mcdonagh.
0:31 of 2nd period - Reilly Smith is hit by Erik Johnson and loses puck.
1:06 of 2nd period - Minor Penalty to Justin Faulk for Roughing.
1:07 of 2nd period - Eric Staal wins face-off versus Jaden Schwartz in Predators zone.
1:18 of 2nd period - Marc Staal is hit by Jake DeBrusk and loses puck.
3:06 of 2nd period - Penalty to Justin Faulk is over, Justin Faulk is back on ice.
3:25 of 2nd period - Erik Johnson is hit by Morgan Rielly and loses puck.
4:09 of 2nd period - Minor Penalty to Reilly Smith for Hooking.
4:10 of 2nd period - Jaden Schwartz wins face-off versus Jake DeBrusk in Predators zone.
5:39 of 2nd period - Icing by Esa Lindell.
5:40 of 2nd period - Patrik Berglund wins face-off versus Jaden Schwartz in Flames zone.
6:09 of 2nd period - Penalty to Reilly Smith is over, Reilly Smith is back on ice.
6:40 of 2nd period - Alexander Ovechkin is hit by Jake DeBrusk and loses puck.
6:47 of 2nd period - Jake DeBrusk is hit by Jack Eichel and loses puck.
7:04 of 2nd period - Slapshot by Jaden Schwartz.
7:04 of 2nd period - Stopped by Christopher Gibson without a rebound.
7:05 of 2nd period - Markus Granlund wins face-off versus Eric Staal in Flames zone.
7:28 of 2nd period - Mark Pysyk is hit by Brad Marchand and loses puck.
7:45 of 2nd period - Snap shot by Eric Staal.
7:45 of 2nd period - Goal by Eric Staal - Flames : 2 - Predators : 2.
7:46 of 2nd period - Patrik Berglund wins face-off versus Jack Eichel in neutral zone.
7:55 of 2nd period - Slapshot by Jimmy Hayes.
7:55 of 2nd period - Stopped by Andrei Vasilevskiy without a rebound.
7:56 of 2nd period - Jack Eichel wins face-off versus Patrik Berglund in Predators zone.
7:56 of 2nd period - Jack Eichel is hit by Sami Vatanen.
8:08 of 2nd period - Snap shot by Jimmy Hayes.
8:08 of 2nd period - Stopped by Andrei Vasilevskiy without a rebound.
8:09 of 2nd period - Alexander Ovechkin wins face-off versus Patrik Berglund in Predators zone.
8:41 of 2nd period - Rasmus Andersson is hit by Justin Faulk and loses puck.
9:10 of 2nd period - Andy Miele is hit by Colby Robak and loses puck.
9:43 of 2nd period - Anders Lee is hit by Markus Granlund and loses puck.
10:09 of 2nd period - Morgan Rielly is hit by Sami Vatanen and loses puck.
10:26 of 2nd period - Snap shot by Erik Johnson.
10:26 of 2nd period - Deflect By Scott Laughton.
10:26 of 2nd period - Stopped by Andrei Vasilevskiy with a rebound.
10:49 of 2nd period - Wrist shot by Eric Staal.
10:49 of 2nd period - Stopped by Andrei Vasilevskiy with a rebound.
10:51 of 2nd period - Snap shot by Eric Staal.
10:51 of 2nd period - Shot Misses the Net.
10:58 of 2nd period - Icing by Morgan Rielly.
10:59 of 2nd period - Patrik Berglund wins face-off versus Markus Granlund in Predators zone.
11:04 of 2nd period - Wrist shot by Tanner Pearson.
11:04 of 2nd period - Shot Misses the Net.
11:14 of 2nd period - Wrist shot by Joel Armia.
11:14 of 2nd period - Stopped by Christopher Gibson with a rebound.
11:16 of 2nd period - Wrist shot by Markus Granlund.
11:16 of 2nd period - Shot Blocked by Christian Folin.
11:24 of 2nd period - Wrist shot by Mark Pysyk.
11:24 of 2nd period - Stopped by Christopher Gibson with a rebound.
11:26 of 2nd period - Wrist shot by Marc Staal.
11:26 of 2nd period - Shot Blocked by Christian Folin.
11:28 of 2nd period - Snap shot by Markus Granlund.
11:28 of 2nd period - Stopped by Christopher Gibson with a rebound.
11:38 of 2nd period - Wrist shot by Markus Granlund.
11:38 of 2nd period - Deflect By Christian Folin.
11:38 of 2nd period - Shot Misses the Net.
11:38 of 2nd period - Puck is out of play.
11:39 of 2nd period - Alexander Ovechkin wins face-off versus Eric Staal in Flames zone.
11:42 of 2nd period - Snap shot by Justin Faulk.
11:42 of 2nd period - Shot Blocked by Erik Johnson.
11:44 of 2nd period - Snap shot by Jack Eichel.
11:44 of 2nd period - Stopped by Christopher Gibson with a rebound.
12:32 of 2nd period - Icing by Rasmus Andersson.
12:33 of 2nd period - Scott Laughton wins face-off versus Anders Lee in Flames zone.
13:00 of 2nd period - Snap shot by Jaden Schwartz.
13:00 of 2nd period - Stopped by Christopher Gibson without a rebound.
13:01 of 2nd period - Mikael Granlund wins face-off versus Eric Staal in Flames zone.
13:04 of 2nd period - Wrist shot by Mikael Granlund.
13:04 of 2nd period - Stopped by Christopher Gibson without a rebound.
13:05 of 2nd period - Eric Staal wins face-off versus Jack Eichel in Flames zone.
13:25 of 2nd period - Minor Penalty to Bryan Rust for High sticking.
13:26 of 2nd period - Patrik Berglund wins face-off versus Jack Eichel in Flames zone.
13:38 of 2nd period - Slapshot by Justin Faulk.
13:38 of 2nd period - Stopped by Christopher Gibson with a rebound.
13:40 of 2nd period - Snap shot by Jack Eichel.
13:40 of 2nd period - Goal by Jack Eichel - Flames : 2 - Predators : 3.
13:41 of 2nd period - Jack Eichel wins face-off versus Eric Staal in neutral zone.
13:54 of 2nd period - Alexander Ovechkin is hit by Eric Staal and loses puck.
14:20 of 2nd period - Victor Rask is hit by Mikael Granlund and loses puck.
14:42 of 2nd period - Minor Penalty to Jimmy Hayes for Tripping.
14:43 of 2nd period - Scott Laughton wins face-off versus Patrik Berglund in Flames zone.
14:43 of 2nd period - Slapshot by Jaden Schwartz.
14:43 of 2nd period - Deflect By Sami Vatanen.
14:43 of 2nd period - Shot Misses the Net.
14:43 of 2nd period - Puck is out of play.
14:44 of 2nd period - Scott Laughton wins face-off versus Patrik Berglund in Flames zone.
14:52 of 2nd period - Slapshot by Ryan Mcdonagh.
14:52 of 2nd period - Deflect By Claude Giroux.
14:52 of 2nd period - Stopped by Christopher Gibson with a rebound.
14:54 of 2nd period - Backhand shot by Ryan Mcdonagh.
14:54 of 2nd period - Shot Misses the Net.
14:56 of 2nd period - Snap shot by Jaden Schwartz.
14:56 of 2nd period - Shot Misses the Net.
14:58 of 2nd period - Snap shot by Scott Laughton.
14:58 of 2nd period - Shot Misses the Net.
16:19 of 2nd period - Erik Johnson is hit by Justin Faulk and loses puck.
16:42 of 2nd period - Penalty to Jimmy Hayes is over, Jimmy Hayes is back on ice.
17:14 of 2nd period - Markus Granlund is hit by Evgeny Svechnikov and loses puck.
18:13 of 2nd period - Wrist shot by Anders Lee.
18:13 of 2nd period - Shot Misses the Net.
18:54 of 2nd period - Andy Miele is hit by Kevin Labanc.
19:10 of 2nd period - Eric Staal is hit by Marc Staal and loses puck.
19:54 of 2nd period - Jimmy Hayes is hit by Joel Armia and loses puck.
Goals for this period are 1 for Flames vs 1 for Predators.
Shots for this period are 6 for Flames vs 10 for Predators.

3rd period


0:01 of 3rd period - Alexander Ovechkin wins face-off versus Eric Staal in neutral zone.
0:06 of 3rd period - Wrist shot by Jack Eichel.
0:06 of 3rd period - Stopped by Christopher Gibson with a rebound.
0:29 of 3rd period - Minor Penalty to Esa Lindell for Tripping.
0:30 of 3rd period - Alexander Ovechkin wins face-off versus Bryan Rust in Flames zone.
0:47 of 3rd period - Wrist shot by Alexander Ovechkin.
0:47 of 3rd period - Deflect By Jack Eichel.
0:47 of 3rd period - Shot Misses the Net.
0:47 of 3rd period - Puck is out of play.
0:48 of 3rd period - Patrik Berglund wins face-off versus Scott Laughton in Flames zone.
0:48 of 3rd period - Patrik Berglund is hit by Scott Laughton.
1:39 of 3rd period - Icing by Jaden Schwartz.
1:40 of 3rd period - Jack Eichel wins face-off versus Anders Lee in Predators zone.
1:51 of 3rd period - Slapshot by Travis Dermott.
1:51 of 3rd period - Shot Misses the Net.
2:19 of 3rd period - David Ullstrom is hit by Mikael Granlund and loses puck.
2:29 of 3rd period - Penalty to Esa Lindell is over, Esa Lindell is back on ice.
3:02 of 3rd period - Slapshot by Esa Lindell.
3:02 of 3rd period - Stopped by Andrei Vasilevskiy with a rebound.
3:04 of 3rd period - Snap shot by Bryan Rust.
3:04 of 3rd period - Stopped by Andrei Vasilevskiy with a rebound.
3:24 of 3rd period - Slapshot by Travis Dermott.
3:24 of 3rd period - Shot Misses the Net.
3:58 of 3rd period - Wrist shot by Bryan Rust.
3:58 of 3rd period - Deflect By Esa Lindell.
3:58 of 3rd period - Stopped by Andrei Vasilevskiy with a rebound.
4:00 of 3rd period - Snap shot by Esa Lindell.
4:00 of 3rd period - Goal by Esa Lindell - Flames : 3 - Predators : 3.
4:01 of 3rd period - Jack Eichel wins face-off versus Victor Rask in neutral zone.
4:12 of 3rd period - Alexander Ovechkin is hit by Kevin Labanc and loses puck.
4:57 of 3rd period - Icing by Justin Faulk.
4:58 of 3rd period - Markus Granlund wins face-off versus Eric Staal in Predators zone.
5:31 of 3rd period - Slapshot by Kevin Labanc.
5:31 of 3rd period - Shot Blocked by Reilly Smith.
5:53 of 3rd period - Snap shot by Joel Armia.
5:53 of 3rd period - Shot Misses the Net.
5:55 of 3rd period - Snap shot by Markus Granlund.
5:55 of 3rd period - Stopped by Christopher Gibson without a rebound.
5:56 of 3rd period - Victor Rask wins face-off versus Jack Eichel in Flames zone.
6:08 of 3rd period - Slapshot by Kevin Labanc.
6:08 of 3rd period - Stopped by Andrei Vasilevskiy with a rebound.
6:10 of 3rd period - Slapshot by Erik Johnson.
6:10 of 3rd period - Shot Blocked by Mikael Granlund.
6:48 of 3rd period - Snap shot by Jaden Schwartz.
6:48 of 3rd period - Deflect By Eric Staal.
6:48 of 3rd period - Shot Misses the Net.
6:48 of 3rd period - Puck is out of play.
6:49 of 3rd period - Scott Laughton wins face-off versus Eric Staal in Flames zone.
8:03 of 3rd period - Minor Penalty to Eric Staal for Delaying the game.
8:04 of 3rd period - Patrik Berglund wins face-off versus Jack Eichel in Flames zone.
8:04 of 3rd period - Patrik Berglund is hit by John Moore.
8:09 of 3rd period - Slapshot by Sami Vatanen.
8:09 of 3rd period - Deflect By Patrik Berglund.
8:09 of 3rd period - Goal by Patrik Berglund - Flames : 4 - Predators : 3.
8:10 of 3rd period - Patrik Berglund wins face-off versus Jack Eichel in neutral zone.
8:15 of 3rd period - Wrist shot by Bryan Rust.
8:15 of 3rd period - Shot Misses the Net.
8:52 of 3rd period - Alexander Ovechkin is hit by Esa Lindell and loses puck.
10:03 of 3rd period - Penalty to Eric Staal is over, Eric Staal is back on ice.
10:09 of 3rd period - Snap shot by Eric Staal.
10:09 of 3rd period - Stopped by Andrei Vasilevskiy without a rebound.
10:10 of 3rd period - Markus Granlund wins face-off versus Victor Rask in Predators zone.
10:25 of 3rd period - Snap shot by Mark Pysyk.
10:25 of 3rd period - Shot Misses the Net.
10:27 of 3rd period - Wrist shot by Marc Staal.
10:27 of 3rd period - Stopped by Christopher Gibson without a rebound.
10:28 of 3rd period - Patrik Berglund wins face-off versus Jack Eichel in Flames zone.
10:28 of 3rd period - Patrik Berglund is hit by Jack Eichel.
10:54 of 3rd period - Brad Marchand is hit by Andy Miele and loses puck.
11:21 of 3rd period - Snap shot by Jaden Schwartz.
11:21 of 3rd period - Stopped by Christopher Gibson without a rebound.
11:22 of 3rd period - Patrik Berglund wins face-off versus Scott Laughton in Flames zone.
11:55 of 3rd period - Snap shot by Jaden Schwartz.
11:55 of 3rd period - Stopped by Christopher Gibson with a rebound.
12:31 of 3rd period - Minor Penalty to Claude Giroux for Tripping.
12:32 of 3rd period - Eric Staal wins face-off versus Nicolas Kerdiles in Predators zone.
12:33 of 3rd period - Slapshot by Sami Vatanen.
12:33 of 3rd period - Goal by Sami Vatanen - Flames : 5 - Predators : 3.
12:34 of 3rd period - Jack Eichel wins face-off versus Patrik Berglund in neutral zone.
12:37 of 3rd period - Wrist shot by Mikael Granlund.
12:37 of 3rd period - Shot Misses the Net.
12:39 of 3rd period - Snap shot by Alexander Ovechkin.
12:39 of 3rd period - Stopped by Christopher Gibson with a rebound.
12:41 of 3rd period - Wrist shot by Jack Eichel.
12:41 of 3rd period - Predators goal is going for a video replay.
12:41 of 3rd period - The goal is good.
12:41 of 3rd period - Goal by Jack Eichel - Flames : 5 - Predators : 4.
12:42 of 3rd period - Jack Eichel wins face-off versus Eric Staal in neutral zone.
12:49 of 3rd period - Wrist shot by Mikael Granlund.
12:49 of 3rd period - Shot Misses the Net.
12:57 of 3rd period - Wrist shot by Erik Johnson.
12:57 of 3rd period - Shot Misses the Net.
13:41 of 3rd period - Minor Penalty to David Ullstrom for Hooking.
13:42 of 3rd period - Patrik Berglund wins face-off versus Scott Laughton in Flames zone.
14:29 of 3rd period - Snap shot by Brad Marchand.
14:29 of 3rd period - Stopped by Andrei Vasilevskiy with a rebound.
15:16 of 3rd period - Scott Laughton is hit by Brad Marchand.
15:26 of 3rd period - Travis Dermott is hit by Esa Lindell and loses puck.
15:41 of 3rd period - Penalty to David Ullstrom is over, David Ullstrom is back on ice.
15:47 of 3rd period - Sami Vatanen is hit by Ryan Mcdonagh and loses puck.
15:52 of 3rd period - Snap shot by Mark Pysyk.
15:52 of 3rd period - Shot Misses the Net.
16:00 of 3rd period - Snap shot by David Ullstrom.
16:00 of 3rd period - Deflect By Eric Staal.
16:00 of 3rd period - Stopped by Andrei Vasilevskiy with a rebound.
16:02 of 3rd period - Wrist shot by Eric Staal.
16:02 of 3rd period - Shot Blocked by Morgan Rielly.
16:06 of 3rd period - Wrist shot by Eric Staal.
16:06 of 3rd period - Shot Blocked by Joel Armia.
16:08 of 3rd period - Snap shot by Sami Vatanen.
16:08 of 3rd period - Shot Blocked by Markus Granlund.
16:10 of 3rd period - Slapshot by Erik Johnson.
16:10 of 3rd period - Deflect By David Ullstrom.
16:10 of 3rd period - Stopped by Andrei Vasilevskiy without a rebound.
16:11 of 3rd period - Victor Rask wins face-off versus Andy Miele in Predators zone.
16:26 of 3rd period - Snap shot by Jake DeBrusk.
16:26 of 3rd period - Deflect By Victor Rask.
16:26 of 3rd period - Stopped by Andrei Vasilevskiy with a rebound.
16:28 of 3rd period - Wrist shot by Rasmus Andersson.
16:28 of 3rd period - Shot Blocked by Reilly Smith.
17:03 of 3rd period - Slapshot by Jaden Schwartz.
17:03 of 3rd period - Shot Misses the Net.
17:41 of 3rd period - Jake DeBrusk is hit by Claude Giroux and loses puck.
17:59 of 3rd period - Christian Folin is hit by Nicolas Kerdiles and loses puck.
18:14 of 3rd period - Colby Robak is hit by Mikael Granlund and loses puck.
19:10 of 3rd period - Predators, Andrei Vasilevskiy is pulled from the net.
19:16 of 3rd period - Snap shot by Mikael Granlund.
19:16 of 3rd period - Stopped by Christopher Gibson without a rebound.
19:17 of 3rd period - Marc Crawford call a timeout for Predators.
19:17 of 3rd period - Eric Staal wins face-off versus Jack Eichel in Flames zone.
19:25 of 3rd period - Icing by Ryan Mcdonagh.
19:26 of 3rd period - Andrei Vasilevskiy from Predators was sent back in the game.
19:26 of 3rd period - Eric Staal wins face-off versus Jack Eichel in Predators zone.
19:35 of 3rd period - Predators, Andrei Vasilevskiy is pulled from the net.
19:43 of 3rd period - Snap shot by Jack Eichel.
19:43 of 3rd period - Deflect By Mikael Granlund.
19:43 of 3rd period - Shot Blocked by Brad Marchand.
19:43 of 3rd period - Puck is out of play.
19:44 of 3rd period - Jack Eichel wins face-off versus Eric Staal in Flames zone.
Goals for this period are 3 for Flames vs 1 for Predators.
Shots for this period are 12 for Flames vs 8 for Predators.